 Dungeon Crawl Stone Soup version 0.26-a0-259-g1effd001a9 (webtiles) character file.

Game seed: 10079457676828401871

64 funkygono the Firebug (level 4, 0/24 HPs)
             Began as a Gargoyle Fire Elementalist on July 23, 2020.
             Killed from afar by an orc wizard (4 damage)
             ... with a magic dart
             ... on level 2 of the Dungeon.
             The game lasted 00:04:12 (1477 turns).

funkygono the Firebug (Gargoyle Fire Elementalist)  Turns: 1477, Time: 00:04:13

Health: 0/24       AC:  7    Str: 12    XL:     4   Next: 12%
Magic:  2/7        EV: 12    Int: 16    God:
Gold:   79         SH:  0    Dex: 10    Spells: 6/7 levels left

rFire    . . .     SeeInvis .   f - +0 club
rCold    . . .     Faith    .   (no shield)
rNeg     + . .     Spirit   .   a - +0 robe
rPois    ∞         Reflect  .   (no helmet)
rElec    +         Harm     .   e - +0 cloak
rCorr    .                      i - +0 pair of gloves
MR       .....                  (no boots)
Stlth    ++........             (no amulet)
HPRegen  0.08/turn              (no ring)
MPRegen  0.10/turn              (no ring)

@: very slightly contaminated
A: negative energy resistance 1, electricity resistance, unbreathing,
petrification resistance, rot immunity, AC +3
a: no special abilities


You were on level 2 of the Dungeon.
You were not hungry.

You visited 1 branch of the dungeon, and saw 2 of its levels.

You collected 79 gold pieces.

Inventory:

Hand Weapons
 f - a +0 club (weapon)
Missiles
 j - 73 stones (quivered)
Armour
 a - a +0 robe (worn)
 e - a +0 cloak (worn)
 i - a +0 pair of gloves (worn)
Scrolls
 b - 2 scrolls of remove curse
 h - 2 scrolls of identify
Comestibles
 c - 5 rations


   Skills:
 + Level 2.0 Dodging
 + Level 2.5 Stealth
 + Level 2.4 Spellcasting
 * Level 1.7 Conjurations
 * Level 3.9 Fire Magic


You had 6 spell levels left.
You knew the following spells:

 Your Spells              Type           Power        Failure   Level
a - Foxfire               Conj/Fire      ##..         6%          1

Your spell library contained the following spells:

 Spells                   Type           Power        Failure   Level
 Conjure Flame            Conj/Fire      ##......     19%         3
 Inner Flame              Hex/Fire       #.......     26%         3
 Sticky Flame             Conj/Fire      ##......     52%         4
 Fireball                 Conj/Fire      ##........   86%         5


Dungeon Overview and Level Annotations

Branches:
Dungeon (2/15)

Altars:
Ashenzari


Innate Abilities, Weirdness & Mutations

You are resistant to torment.
Your stone body is resilient. (AC +3)
You are immune to poison.
You resist negative energy. (rN+)
You are resistant to electric shocks. (rElec)
You can survive without breathing.
You are immune to petrification.
You are immune to rotting.


Message History

Casting: Foxfire (safe; 6% risk of failure)
Confirm with . or Enter, or press ? or * to list all spells.
You conjure some foxfire!
The leopard gecko bites you.
* * * LOW HITPOINT WARNING * * *
The leopard gecko bites you.
* * * LOW HITPOINT WARNING * * *
The foxfire hits the leopard gecko.
The leopard gecko is almost dead.
The foxfire hits the leopard gecko.
You kill the leopard gecko!
The foxfire hits the orc wizard.
The orc wizard is lightly wounded.
The foxfire hits the orc wizard.
The orc wizard is moderately wounded.
The orc wizard closely misses you. The orc wizard casts a spell at you.
The magic dart hits you but does no damage.
The orc wizard points at you and mumbles some strange words.
The magic dart hits you.
You die...

########.........##.##.##
#
#.......................#
#.#########.............#
#.# #...)..##.##..# #.#
#..o..........# #.# ###
#<.##..##.###.# #.# #.##
#o.##..##.# .#
#.###>.####..##.o##.# .#
#..........@.##..##.###.#
#............##..†......#
#.###.[#.##.#######.#####
#.............# #.#
#.###....##.#.#####.# #.#
#............†<.# #.#
#.[.............# ### #.
#....##.#..###### #.#
#....####..# #.#


You could see an orc wizard (fast) and an orc.

Vanquished Creatures
  3 adders (D:2)
  3 leopard geckos
  2 orcs (D:2)
  A giant cockroach (D:2)
  5 goblins
  5 hobgoblins
  6 bats
  4 frilled lizards (D:1)
  A kobold (D:1)
  4 rats
34 creatures vanquished.

Vanquished Creatures (others)
  88 foxfires
88 creatures vanquished.

Grand Total: 122 creatures vanquished

Notes
Turn   | Place    | Note
-------+----------+-------------------------------------------
     0 | D:1      | funkygono the Gargoyle Fire Elementalist began the quest
                  | for the Orb.
     0 | D:1      | Reached XP level 1. HP: 10/10 MP: 3/3
   355 | D:1      | Reached XP level 2. HP: 14/15 MP: 0/5
   960 | D:2      | Reached XP level 3. HP: 19/19 MP: 0/6
  1391 | D:2      | Found a shattered altar of Ashenzari.
  1400 | D:2      | Reached XP level 4. HP: 24/24 MP: 1/7
  1477 | D:2      | Killed from afar by an orc wizard

Illustrated notes

Levels and vault maps discovered:
D:1:      psy_arrival_dodecagon, layout_rooms
D:2:      layout_basic, ashenzari_altar_1

Skill      XL: |  1  2  3 |
---------------+----------+-----
Dodging        | 2 |  2.0
Stealth        | |  2.5
Spellcasting   | |  2.4
Conjurations   | |  1.7
Fire Magic     | |  3.9

Action                   |  1- 3 |  4- 6 || total
-------------------------+-------+-------++-------
Melee: Unarmed           |    10 |       ||    10
       Club              |     8 |    15 ||    23
 Cast: Foxfire           |    45 |     6 ||    51
  Use: Scroll            |     4 |       ||     4
  Eat: Ration            |     1 |       ||     1
Armor: Robe              |    15 |    17 ||    32
Dodge: Dodged            |    26 |    19 ||    45

Table legend:
 A = Non-vault XP
 B = Vault XP
 C = Vault XP percentage of total XP
 D = Non-vault monster count
 E = Vault monster count
 F = Vault count percentage of total count
                 A         B        C        D         E       F
            +---------+---------+-------+---------+---------+-------
      Total |      92 |       0 |   0.0 |      34 |       0 |   0.0
            +---------+---------+-------+---------+---------+-------
        D:1 |      25 |       0 |   0.0 |      17 |       0 |   0.0
        D:2 |      67 |       0 |   0.0 |      17 |       0 |   0.0
            +---------+---------+-------+---------+---------+-------
